 Dungeon Crawl Stone Soup version 0.31-a0-810-ga77100ea1a (webtiles) character file.

Game seed: 10283399578018416498

427 Newt the Skirmisher (level 7, -6/44 HPs)
             Began as a Kobold Hunter on Sept 21, 2023.
             Killed from afar by an orc wizard (9 damage)
             ... with a magic dart
             ... on level 5 of the Dungeon.
             The game lasted 00:04:12 (4417 turns).

Newt the Skirmisher (Kobold Hunter)                 Turns: 4417, Time: 00:04:13

Health: -6/44      AC:  4    Str:  8    XL:     7   Next: 18%
Magic:  16/16      EV: 14    Int: 11    God:
Gold:   236        SH:  0    Dex: 20    Spells: 6/6 levels left

rFire   + . .        a - +0 shortbow
rCold   . . .        (shield currently unavailable)
rNeg    . . .        c - +1 leather armour
rPois   .            (no helmet)
rElec   .            (no cloak)
rCorr   .            (no gloves)
SInv    .            (no boots)
Will    .....        (no amulet)
Stlth   ++           k - ring of protection from fire
HPRegen 0.27/turn    n - ring of magical power
MPRegen 0.15/turn

%: no passive effects
@: confused
A: small, no large weapons, nightstalker 3
a: no special abilities


You were on level 5 of the Dungeon.
You visited 1 branch of the dungeon, and saw 5 of its levels.

You collected 236 gold pieces.

Inventory:

Hand Weapons
 a - a +0 shortbow (weapon)
Missiles
 d - a throwing net
Armour
 c - a +1 leather armour (worn)
Jewellery
 k - a ring of protection from fire (left hand)
 n - a ring of magical power (right hand)
 o - a ring of ice
Wands
 j - a wand of roots (10)
Scrolls
 b - a scroll of butterflies
 f - a scroll of amnesia
 g - 2 scrolls of blinking
 l - a scroll of teleportation
Potions
 e - a potion of mutation


   Skills:
 - Level 5.0 Fighting
 + Level 9.1 Ranged Weapons
 - Level 2.4 Dodging
 - Level 1.3 Stealth


You had 6 spell levels left.
You didn't know any spells.
Your spell library contained the following spells:

 Spells                   Type           Power      Damage    Failure   Level
 Apportation              Tloc           0%         N/A       45%         1
 Magic Dart               Conj           0%         1d3       45%         1
 Necrotise                Necr           0%         1d4       45%         1
 Summon Small Mammal      Summ           0%         N/A       45%         1
 Blink                    Tloc           0%         N/A       61%         2
 Lesser Beckoning         Tloc           0%         N/A       61%         2
 Momentum Strike          Conj/Tloc      0%         3d8       61%         2
 Searing Ray              Conj           0%         2d4       61%         2
 Fulminant Prism          Conj/Hex       0%         3d5       99%         4


Dungeon Overview and Level Annotations

Branches:
Dungeon (5/15)
 Temple: D:4-7

Altars:
Ru
Yredelemnul
The Shining One

Shops:
D:4 =


Innate Abilities, Weirdness & Mutations

You are small and have problems with some larger weapons.
You are completely attuned to the shadows.


Message History

You feel less confused. The adder misses you.
The orc wizard points at you and mumbles some strange words.
The puff of flame hits you. You resist.
* * * LOW HITPOINT WARNING * * *
Unknown command.
Okay, then.
Blink to where?
Press: ? - help, Dir - move target
As you read the scroll of blinking, it crumbles to dust.
The orc wizard casts a spell at you.
You are confused.
You bump into the stone wall.
You're too confused to move!
The orc wizard gestures at you while chanting.
The magic dart hits you.
* * * LOW HITPOINT WARNING * * *
The orc wizard points at you and mumbles some strange words.
The puff of flame hits you. You resist.
* * * LOW HITPOINT WARNING * * *
You bump into the stone wall.
You bump into the stone wall.
You feel less confused.
The orc wizard hits you but does no damage.
The orc wizard gestures wildly while chanting.
The orc wizard flickers and vanishes!
Deactivating autopickup; reactivate with Ctrl-A.
A puff of flame appears from out of thin air!
The puff of flame hits you. You resist.
* * * LOW HITPOINT WARNING * * *
A hound comes into view.
You are confused.
The hound barks!
The hound bites you but does no damage. The hound barely misses you.
You are too confused!
You closely miss the hound. The hound bites you.
* * * LOW HITPOINT WARNING * * *
A magic dart appears from out of thin air!
The magic dart hits you!
You die...

#.#### #.# #.# .#
#.# .# #.# #.##.#
#.# #.#... #.#
##.#..#.
#h#########.###...
#@...{...S...#.#.#
##########........
#..h.##..
#........
#S.......
#.##.#### #.##.# #
#.##.####
#.##.....


You could see a hound.

Vanquished Creatures
  A scorpion (D:5)
  A howler monkey (D:3)
  A hound (D:4)
  3 orc priests
  Ijyb (D:3)
  5 adders
  4 dart slugs
  5 worms
  14 orcs
  9 ball pythons
  6 endoplasms
  11 giant cockroaches
  11 goblins
  4 hobgoblins
  8 jackals
  A quokka (D:1)
  8 bats
  3 frilled lizards
  3 kobolds
  5 rats
104 creatures vanquished.

Notes
Turn   | Place    | Note
-------+----------+-------------------------------------------
     0 | D:1      | Newt the Kobold Hunter began the quest for the Orb.
     0 | D:1      | Reached XP level 1. HP: 12/12 MP: 1/1
    94 | D:1      | Reached XP level 2. HP: 12/18 MP: 2/2
   214 | D:1      | Reached XP level 3. HP: 23/23 MP: 3/3
  1247 | D:2      | Reached XP level 4. HP: 30/30 MP: 4/4
  1493 | D:2      | Reached skill level 5 in Fighting
  1854 | D:2      | Reached XP level 5. HP: 34/35 MP: 5/5
  1873 | D:2      | Reached skill level 6 in Ranged Weapons
  1943 | D:3      | Noticed Ijyb
  1947 | D:3      | Killed Ijyb
  2077 | D:3      | Reached skill level 7 in Ranged Weapons
  2077 | D:3      | Reached XP level 6. HP: 36/40 MP: 6/6
  2137 | D:3      | HP: 1/40 [orc priest/+0 hand axe (5)]
  2708 | D:3      | Reached skill level 8 in Ranged Weapons
  2917 | D:3      | Found a glowing golden altar of the Shining One.
  2920 | D:3      | Noticed an angel
  2929 | D:3      | Found a basalt altar of Yredelemnul.
  2932 | D:3      | Noticed a profane servitor
  2986 | D:3      | Found a sacrificial altar of Ru.
  3294 | D:4      | Found Epiareno's Jewellery Shoppe.
  3405 | D:4      | HP: 2/40 [orc priest/divine providence (15)]
  3410 | D:4      | Reached XP level 7. HP: 2/44 MP: 7/7
  3908 | D:4      | HP: 1/44 [scorpion (6)]
  3919 | D:5      | Entered Level 5 of the Dungeon
  4329 | D:5      | Reached skill level 9 in Ranged Weapons
  4339 | D:5      | HP: 2/44 [black bear (1)]
  4417 | D:5      | Killed from afar by an orc wizard

Illustrated notes

Levels and vault maps discovered:
D:1:      nicolae_arrival_washed_ashore, layout_basic, roderic_lattice_a,
          minmay_vboxes
D:2:      minmay_roachtagon, layout_loops_ring, minmay_tetromino_i4
D:3:      layout_loops_ring, nicolae_ru_the_path_less_chosen,
          grunt_temple_overflow_holy_war, kennysheep_big_empty_room, uniq_ijyb
D:4:      layout_rooms, lemuel_coloured_pillars_altar, serial_shops,
          nicolae_stop_n_shop_1
D:5:      layout_loops_ring, columned_hall_lemuel, uniq_eustachio

Skill      XL: |  1  2  3  4  5  6  7 |
---------------+----------------------+-----
Fighting       | 3 4 5 |  5.0
Ranged Weapons | 7 8 9 |  9.1
Dodging        | |  2.4
Stealth        | |  1.3

Action                     |  1- 3 |  4- 6 |  7- 9 || total
---------------------------+-------+-------+-------++-------
  Melee: Shortbow          |       |       |     2 ||     2
   Fire: Shortbow          |    71 |   218 |    24 ||   313
    Use: Scroll            |     4 |     7 |     3 ||    14
         Potion            |       |     4 |     2 ||     6
 Armour: Leather armour    |    17 |    60 |    38 ||   115
  Dodge: Dodged            |    23 |   106 |    39 ||   168

Table legend: (Time is in decaauts)
 A = Elapsed time spent in this place.
 B = Non-inter-level travel time spent in this place.
 C = Inter-level travel time spent in this place.
 D = Time resting spent in this place.
 E = Time spent auto-exploring this place.
 F = Levels seen in this place.
 G = Mean time per level.
                   A        B        C        D        E       F      G
               +--------+--------+--------+--------+--------+-----+--------+
         Total |   4442 |   4327 |    115 |   1153 |   2552 |   5 |  888.4 |
       Dungeon |   4442 |   4327 |    115 |   1153 |   2552 |   5 |  888.4 |
               +--------+--------+--------+--------+--------+-----+--------+

Top non-repeatable levels by time:
     D:3: 1632 daAuts
     D:2: 1150 daAuts
     D:1: 1011 daAuts
     D:5: 482 daAuts
     D:4: 165 daAuts
